 Dungeon Sprint DCSS version 0.20.1-1-g8b1a95d (webtiles) character file.

259 Mitsuki the Thaumaturge (level 5, -1/28 HPs)
             Began as a Deep Elf Fire Elementalist on Sept 25, 2017.
             Slain by Sonja
             ... wielding a +0 dagger of venom
              (6 damage)
             ... in the Dungeon (Sprint I: "Red Sonja").
             The game lasted 00:02:33 (392 turns).

Mitsuki the Thaumaturge (Deep Elf Fire Elementalist) Turns: 392, Time: 00:02:34

Health: -1/28      AC:  2    Str:  5    XL:     5   Next: 95%
Magic:  14/19      EV: 13    Int: 21    God:
Gold:   171        SH:  0    Dex: 15    Spells: 17/23 levels left

rFire    . . .     SeeInvis .   (no weapon)
rCold    . . .     Gourm    .   (no shield)
rNeg     . . .     Faith    .   a - +0 robe
rPois    .         Spirit   .   (no helmet)
rElec    .         Reflect  .   (no cloak)
rCorr    .         Harm     .   (no gloves)
MR       .....     NoTele   +   (no boots)
Stlth    ++........             (no amulet)
Regen    0.1/turn               (no ring)
MPRegen  0.2/turn               (no ring)

@: lethally poisoned (-1 -> -42), slowed, very slow
A: no striking features
a: no special abilities


You were in the Dungeon.
You were not hungry.

You visited 1 branch You collected 171 gold pieces.

Inventory:

Armour
 a - a +0 robe (worn)
Wands
 j - a wand of random effects (22/48)
Scrolls
 i - a scroll of blinking
 k - a scroll of remove curse {unknown}
 l - a scroll of amnesia {unknown}
Potions
 d - a potion of curing
 e - a potion of heal wounds
 f - a potion of haste
 g - 2 potions of magic
 h - a potion of berserk rage
Books
 b - a book of Flames

   Spells                             Type                      Level
   a - Flame Tongue                   Conjuration/Fire             1
   b - Throw Flame                    Conjuration/Fire             2
   c - Conjure Flame                  Conjuration/Fire             3
   d - Inner Flame                    Hexes/Fire                   3
   e - Sticky Flame                   Conjuration/Fire             4
   f - Fireball                       Conjuration/Fire             5
Comestibles
 c - a bread ration


   Skills:
 - Level 2.4 Dodging
 - Level 2.4 Stealth
 + Level 9.7 Spellcasting
 + Level 7.8 Conjurations
 + Level 8.5 Fire Magic


You had 17 spell levels left.
You knew the following spells:

 Your Spells              Type           Power        Failure   Level  Hunger
a - Flame Tongue          Conj/Fire      #####        1%          1    None
b - Conjure Flame         Conj/Fire      #####...     1%          3    None
c - Throw Flame           Conj/Fire      #####.       1%          2    None


Dungeon Overview and Level Annotations

Branches:
Dungeon (1/1)

Altars:
Sif Muna
Vehumet

Annotations:
D Sonja


Message History

Casting: Flame Tongue
Confirm with . or Enter, or press ? or * to list all spells.
Aiming: Flame Tongue
Press: ? - help, Shift-Dir - straight line, f/p - Sonja
Aim: Sonja, wielding a blowgun (heavily wounded, unusually resistant)
The flame tongue misses Sonja.
* * * LOW HITPOINT WARNING * * *
You feel sick.
Sonja unwields an uncursed blowgun.
Sonja wields an uncursed dagger of venom.
It begins to drip with poison!
Sonja hits you with an uncursed dagger of venom.
* * * LOW HITPOINT WARNING * * *
You are more poisoned.
Sonja hits you but does no damage.
You are more poisoned.
Sonja hits you but does no damage.
You are more poisoned.
The jelly misses you.
Sonja hits you with an uncursed dagger of venom.
You die...

################
#<.#..)..#..'..#
#..)..#..').#..+
#..#####'#####'#
# #..# #..#$$
#.####§$ #..#
####$$##.#§§§§c
#..# #.#...§≈§.§
#⌠⌠# +.(J_#§§§§
#### #_@#.##§#
##K#.# !): #.###
### $.$ $.$
##.## #+#


You could see Sonja and a jelly.

Vanquished Creatures
  Sigmund (D)
  An ogre (D)
  Ijyb (D)
3 creatures vanquished.

Notes
Turn   | Place    | Note
-------+----------+-------------------------------------------
     0 | D        | Mitsuki the Deep Elf Fire Elementalist began the quest for the Orb.
     0 | D        | Reached XP level 1. HP: 10/10 MP: 6/6
     3 | D        | Noticed Ijyb
     9 | D        | Killed Ijyb
     9 | D        | Reached skill level 5 in Spellcasting
     9 | D        | Reached XP level 2. HP: 10/15 MP: 0/10
    98 | D        | Noticed an ogre
   101 | D        | Killed an ogre
   101 | D        | Reached skill level 7 in Spellcasting
   101 | D        | Reached skill level 5 in Conjurations
   101 | D        | Reached XP level 3. HP: 19/19 MP: 7/13
   101 | D        | Reached XP level 4. HP: 24/24 MP: 8/15
   159 | D        | Learned a level 3 spell: Conjure Flame
   162 | D        | Learned a level 2 spell: Throw Flame
   170 | D        | Noticed Sigmund
   177 | D        | Killed Sigmund
   177 | D        | Reached skill level 9 in Spellcasting
   177 | D        | Reached XP level 5. HP: 24/28 MP: 8/19
   254 | D        | Found a deep blue altar of Sif Muna.
   375 | D        | Found a radiant altar of Vehumet.
   385 | D        | Noticed a centaur warrior
   385 | D        | Noticed Sonja
   392 | D        | Slain by Sonja

Skill      XL: |  1  2  3  4 |
---------------+-------------+-----
Spellcasting   | 5 7 9 |  9.7
Conjurations   | 3 5 7 |  7.8
Fire Magic     | 4 6 8 |  8.5
Dodging        | |  2.4
Stealth        | |  2.4

Action                   |  1- 3 |  4- 6 || total
-------------------------+-------+-------++-------
 Cast: Flame Tongue      |     7 |    14 ||    21
       Throw Flame       |       |     1 ||     1
Armor: Robe              |       |     2 ||     2
Dodge: Dodged            |     1 |     8 ||     9
